 Dungeon Crawl Stone Soup version 0.26-a0-812-g31a745ddcd (webtiles) character file.

Game seed: 8977965514777893368

63 kae the Insei (level 4, -4/26 HPs)
             Began as a Tengu Transmuter on Nov 23, 2020.
             Slain by Natasha (7 damage)
             ... on level 2 of the Dungeon.
             The game lasted 00:01:13 (1627 turns).

kae the Insei (Tengu Transmuter)                    Turns: 1627, Time: 00:01:13

Health: -4/26      AC:  2    Str: 11    XL:     4   Next: 9%
Magic:  8/8        EV: 13    Int: 13    God:
Gold:   77         SH:  0    Dex: 15    Spells: 6/7 levels left

rFire    . . .     SeeInvis .     - Unarmed
rCold    . . .     Faith    .   (no shield)
rNeg     . . .     Spirit   .   a - +0 robe
rPois    .         Reflect  .   (helmet restricted)
rElec    .         Harm     .   (no cloak)
rCorr    .         Rampage  .   (no gloves)
MR       .....                  (boots unavailable)
Stlth    +.........             (no amulet)
HPRegen  0.08/turn              (no ring)
MPRegen  0.11/turn              (no ring)

@: slowed, very slow
A: beak, talons 3
a: no special abilities


You were on level 2 of the Dungeon.
You visited 1 branch of the dungeon, and saw 2 of its levels.

You collected 77 gold pieces.

Inventory:

Armour
 a - a +0 robe (worn)
Scrolls
 c - a scroll of teleportation {unknown}
 f - a scroll of remove curse
Potions
 b - a potion of might {unknown}
 d - a potion of ambrosia
 g - a potion of curing


   Skills:
 + Level 1.7 Fighting
 + Level 2.6 Dodging
 * Level 3.9 Unarmed Combat
 + Level 2.3 Spellcasting
 * Level 2.2 Transmutations


You had 6 spell levels left.
You knew the following spells:

 Your Spells              Type           Power        Failure   Level
a - Beastly Appendage     Tmut           #.....       10%         1

Your spell library contained the following spells:

 Spells                   Type           Power        Failure   Level
 Wereblood                Tmut           #.......     14%         2
 Spider Form              Tmut/Pois      #.........   43%         3
 Ice Form                 Ice/Tmut       #.......     83%         4
 Blade Hands              Tmut           #.........   95%         5


Dungeon Overview and Level Annotations

Branches:
Dungeon (2/15)

Altars:

Annotations:
D:2 Natasha


Innate Abilities, Weirdness & Mutations

You have a beak for a mouth.
You have claws for feet.


Message History

You closely miss Natasha. Your kick misses Natasha.
Your headbutt misses Natasha. Your peck misses Natasha. Natasha claws you.
The crimson imp hits you. Natasha casts a spell at you.
You feel as though you will be slow longer.
You barely miss Natasha. You claw Natasha.
Natasha is lightly wounded.
Your horns disappear.
The crimson imp barely misses you. Natasha closely misses you.
The crimson imp hits you.
You hit Natasha.
Natasha is moderately wounded.
Natasha casts a spell at you. The magic dart hits you!
* * * LOW HITPOINT WARNING * * *
The crimson imp hits you but does no damage.
You closely miss Natasha. You claw Natasha.
Natasha is severely wounded.
Natasha claws you!
You die...

#.# # #. #.# # #.# #.# #
#.# #.# # #.# #.# #.#
#.### #.# #....
#.####### ##### ###
#...55@.# #.####
#.#####h#
.#...######.#.......
#.##..........###.....
#.########.........#....
#<# #.....####.##.#. #.#
##...## .# ... # #.#
##.## .##..# .. # #.#
#.# ##. ..##. ####


You could see Natasha, a crimson imp (summoned) and a white imp (summoned).

Vanquished Creatures
  3 adders (D:2)
  2 worms (D:2)
  2 dart slugs (D:1)
  A ball python (D:1)
  2 giant cockroaches
  2 hobgoblins (D:1)
  6 bats
  3 frilled lizards
  2 goblins (D:1)
  4 kobolds
  2 rats (D:2)
29 creatures vanquished.

Notes
Turn   | Place    | Note
-------+----------+-------------------------------------------
     0 | D:1      | kae the Tengu Transmuter began the quest for the Orb.
     0 | D:1      | Reached XP level 1. HP: 12/12 MP: 4/4
   277 | D:1      | Reached XP level 2. HP: 16/16 MP: 4/6
   911 | D:2      | Reached XP level 3. HP: 7/20 MP: 7/7
  1430 | D:2      | Reached XP level 4. HP: 22/25 MP: 6/8
  1617 | D:2      | Noticed Natasha
  1627 | D:2      | Slain by Natasha

Illustrated notes

Levels and vault maps discovered:
D:1:      dpeg_arrival_orchard, layout_loops_ring
D:2:      layout_loops_corners, minmay_ruptured, uniq_natasha,
          uniq_crazy_yiuf_cottage, uniq_terence

Skill      XL: |  1  2 |
---------------+-------+-----
Transmutations | 2 |  2.2
Fighting       | |  1.7
Dodging        | |  2.6
Unarmed Combat | |  3.9
Spellcasting   | |  2.3

Action                   |  1- 3 |  4- 6 || total
-------------------------+-------+-------++-------
Melee: Unarmed           |    62 |    18 ||    80
       Kick              |    17 |     5 ||    22
       Headbutt          |     8 |     2 ||    10
       Peck              |     5 |     1 ||     6
 Cast: Beastly Appendage |    18 |     3 ||    21
  Use: Scroll            |     4 |       ||     4
       Potion            |     1 |       ||     1
 Stab: Sleeping          |     1 |       ||     1
Armor: Robe              |    17 |     9 ||    26
Dodge: Dodged            |    41 |    15 ||    56

Table legend: (Time is in decaauts)
 A = Elapsed time spent in this place.
 B = Non-inter-level travel time spent in this place.
 C = Inter-level travel time spent in this place.
 D = Time resting spent in this place.
 E = Time spent auto-exploring this place.
 F = Levels seen in this place.
 G = Mean time per level.
                   A        B        C        D        E       F      G
               +--------+--------+--------+--------+--------+-----+--------+
         Total |   1626 |   1623 |      3 |      4 |   1409 |   2 |  813.0 |
       Dungeon |   1626 |   1623 |      3 |      4 |   1409 |   2 |  813.0 |
               +--------+--------+--------+--------+--------+-----+--------+

Top non-repeatable levels by time:
     D:1: 857 daAuts
     D:2: 768 daAuts
